 Dungeon Crawl Stone Soup version 0.27-a0-1423-ge5d6b6ab6a (webtiles) character file.

Game seed: 9278330951500831811

3663 jyrihaisee the Carver (level 9, -8/73 HPs)
             Began as a Minotaur Brigand on July 2, 2021.
             Was a Believer of Hepliaklqana.
             Killed from afar by an orc wizard (9 damage)
             ... with a puff of flame
             ... on level 7 of the Dungeon.
             The game lasted 00:16:22 (8212 turns).

jyrihaisee the Carver (Minotaur Brigand)            Turns: 8212, Time: 00:16:22

Health: -8/73      AC: 12    Str: 19    XL:     9   Next: 89%
Magic:  8/8        EV: 10    Int:  8    God:    Hepliaklqana [**....]
Gold:   50         SH:  5    Dex: 12    Spells: 8/8 levels left

rFire    . . .     SeeInvis .   a - +1 long sword (flame)
rCold    . . .     Faith    .   (no shield)
rNeg     . . .     Spirit   .   L - +0 chain mail
rPois    .         Reflect  +   (helmet restricted)
rElec    .         Harm     .   c - +0 cloak
rCorr    .         Rampage  .   (no gloves)
Will     +....                  (no boots)
Stlth    ..........             y - amulet of reflection
HPRegen  0.22/turn              n - ring of willpower
MPRegen  0.11/turn              (no ring)

@: no status effects
A: reduced essence, horns 2, retaliatory headbutt
a: Renounce Religion, Recall Ancestor, Ancestor Identity


You were on level 7 of the Dungeon.
You worshipped Hepliaklqana.
Hepliaklqana was pleased with you.
You visited 1 branch of the dungeon, and saw 7 of its levels.

You collected 382 gold pieces.
You spent 332 gold pieces at shops.

Inventory:

Hand Weapons
 a - a +1 long sword of flaming (weapon)
 b - a +0 hunting sling
 h - a +2 hand axe of flaming
 v - a +0 falchion
 B - a +2 dagger
 M - the +5 whip "Uwnaud" {freeze, Stlth+}
   (You found it on level 4 of the Dungeon)

   It has been specially enchanted to freeze those struck by it, causing extra
   injury to most foes and up to half again as much damage against particularly
   susceptible opponents.
   It can also slow down cold-blooded creatures.
   Stlth:     It makes you more stealthy.
Missiles
 d - 49 poisoned darts (quivered)
 e - 3 curare-tipped darts
 g - 22 sling bullets
 k - 72 stones
 s - a throwing net
Armour
 c - a +0 cloak (worn)
 L - a +0 chain mail (worn)
 N - +0 steam dragon scales
Jewellery
 n - a ring of willpower (left hand)
 y - an amulet of reflection (around neck)
 C - a ring of fire
Wands
 E - a wand of acid (10)
 H - a wand of polymorph (12)
 O - a wand of digging (5)
Scrolls
 j - 2 scrolls of torment {unknown}
 o - 4 scrolls of identify {unknown}
 q - a scroll of silence {unknown}
 t - 2 scrolls of teleportation {unknown}
 u - 3 scrolls of enchant weapon {unknown}
 w - a scroll of vulnerability {unknown}
 x - 2 scrolls of immolation {unknown}
 z - 2 scrolls of magic mapping {unknown}
 A - a scroll of fog {unknown}
 I - a scroll of enchant armour {unknown}
 K - a scroll of amnesia {unknown}
 P - a scroll of blinking {unknown}
Potions
 f - a potion of flight
 l - 2 potions of might {unknown}
 m - a potion of mutation {unknown}
 p - a potion of heal wounds {unknown}
 r - 2 potions of resistance
 D - a potion of berserk rage {unknown}
 F - a potion of cancellation {unknown}
 G - a potion of haste {unknown}
 J - 3 potions of lignification {unknown}


   Skills:
 + Level 8.4 Fighting
 - Level 2.1(5.9) Short Blades
 * Level 9.6(9.7) Long Blades
 - Level 2.0 Throwing
 + Level 8.0 Armour
 + Level 7.4 Dodging
 - Level 3.2 Stealth


You had 8 spell levels left.
You didn't know any spells.
Your spell library contained the following spells:

 Spells                   Type           Power      Damage    Failure   Level
 Foxfire                  Conj/Fire      0%         2x1d4     98%         1
 Magic Dart               Conj           0%         1d3       98%         1
 Searing Ray              Conj           0%         3d3       99%         2
 Slow                     Hex            0%         N/A       99%         2
 Confusing Touch          Hex            0%         N/A       100%        3
 Conjure Flame            Conj/Fire      0%         6-21      100%        3
 Frozen Ramparts          Ice            0%         1d2       100%        3
 Gell's Gravitas          Tloc           0%         N/A       100%        3
 Inner Flame              Hex/Fire       0%         N/A       100%        3
 Lesser Beckoning         Tloc           0%         N/A       100%        3
 Teleport Other           Tloc           0%         N/A       100%        3
 Fulminant Prism          Conj/Hex       0%         3d6       100%        4
 Ice Form                 Ice/Tmut       0%         N/A       100%        4
 Summon Ice Beast         Ice/Summ       0%         N/A       100%        4
 Alistair's Intoxication  Tmut/Pois      0%         N/A       100%        5
 Borgnjor's Vile Clutch   Necr/Erth      0%         N/A       100%        5
 Yara's Violent Unravell  Hex/Tmut       0%         3d3       100%        5
 Dispersal                Tloc           0%         N/A       100%        6
 Eringya's Noxious Bog    Tmut/Pois      0%         N/A       100%        6


Dungeon Overview and Level Annotations

Branches:
Dungeon (7/15)             Temple (0/1) D:5

Altars:
Hepliaklqana

Shops:
D:4 :   D:7 [

Annotations:
D:2 1 runed translucent door, Crazy Yiuf


Innate Abilities, Weirdness & Mutations

Your life essence is reduced to manifest your ancestor. (-10% HP)
You have a pair of horns on your head.
You reflexively headbutt those who attack you in melee.


Message History

The orc warrior hits you with a +0 halberd!
* * * LOW HITPOINT WARNING * * *
You closely miss the orc warrior.
You headbutt the orc warrior, but do no damage.
The orc warrior is heavily wounded.
You hear some strange, mumbled words.
A puff of flame appears from out of thin air!
The puff of flame hits you!
* * * LOW HITPOINT WARNING * * *
The orc warrior hits you but does no damage.
You completely miss the orc warrior.
The orc warrior is heavily wounded.
Something hits you but does no damage. The orc warrior barely misses you.
Okay, then.
You barely miss the orc warrior.
The orc warrior is heavily wounded.
Something hits you but does no damage. The orc warrior barely misses you.
You riposte.
You barely miss the orc warrior.
The orc warrior is heavily wounded.
You hit the orc warrior. You burn the orc warrior.
The orc warrior is heavily wounded.
Something hits you but does no damage.
The orc warrior hits you with a +0 halberd!
* * * LOW HITPOINT WARNING * * *
You hit the orc warrior but do no damage.
The orc warrior is heavily wounded.
Something hits you but does no damage. The orc warrior barely misses you.
You slash the orc warrior! You burn the orc warrior.
You kill the orc warrior!
You hear some strange, mumbled words.
A puff of flame appears from out of thin air!
The puff of flame hits you.
* * * LOW HITPOINT WARNING * * *
Your Armour skill increases to level 8!
You hit something but do no damage. Something hits you but does no damage.
You closely miss something.
You hear some strange, mumbled words.
A puff of flame appears from out of thin air!
The puff of flame hits you!
You die...

... .# ... ....
.##.# ..... .#..##.
#...#####)......
#............#.
#.....).......#
##....:.......#
####..).......
####{@#.....##
#..).).......#
##.####........
#####..####...[...#
#....)#..........#.
#.####..#####......
#.# #.## ####.# #.#
##)###### ........
#.# #..)....##
.......


There were no monsters in sight!

Vanquished Creatures
  Pikel (D:6)
  Maggie (D:6)
  Sigmund (D:2)
  Edmund (D:6)
  A water moccasin (D:6)
  2 ice beasts
  An orc warrior (D:7)
  2 ogres
  A lemure (D:6)
  A phantom (D:5)
  A kobold brigand (D:6)
  2 scorpions (D:5)
  2 howler monkeys
  2 bullfrog zombies
  3 hounds
  An orc priest (D:3)
  2 bullfrog skeletons
  Jessica (D:3)
  2 iguanas
  2 orc wizards
  A scorpion zombie (D:5)
  6 gnolls
  9 adders
  2 ufetubi
  2 worms
  7 orcs
  8 bats
  3 endoplasms
  3 giant cockroaches
  2 goblins
  2 hobgoblins
  6 jackals
  A quokka (D:3)
  4 ball pythons
  A frilled lizard (D:1)
  7 kobolds
  4 rats
  A spectral hobgoblin (D:3)
99 creatures vanquished.

Vanquished Creatures (collateral kills)
  Grinder (D:6)
  2 water moccasins (D:6)
  An ice beast (D:6)
  A sky beast (D:6)
  A necrophage (D:6)
  3 phantoms
  A kobold brigand (D:7)
  A bullfrog (D:6)
  A wyvern zombie (D:5)
  A bullfrog zombie (D:5)
  An orc priest (D:6)
  2 orc wizards (D:6)
  An adder (D:6)
  An orc (D:6)
  A jackal (D:5)
  3 kobolds (D:7)
22 creatures vanquished.

Grand Total: 121 creatures vanquished

Notes
Turn   | Place    | Note
-------+----------+-------------------------------------------
     0 | D:1      | jyrihaisee the Minotaur Brigand began the quest for the
                  | Orb.
     0 | D:1      | Reached XP level 1. HP: 18/18 MP: 0/0
   363 | D:1      | Reached skill level 1 in Armour
   363 | D:1      | Reached XP level 2. HP: 24/25 MP: 1/1
   596 | D:1      | Found a faded altar of an unknown god.
   912 | D:2      | Reached XP level 3. HP: 13/31 MP: 2/2
   920 | D:2      | HP: 1/31 [poisoned by an adder]
  1414 | D:2      | Noticed Sigmund
  1425 | D:2      | Killed Sigmund
  1426 | D:2      | Reached XP level 4. HP: 21/41 MP: 3/3
  1426 | D:2      | Reached XP level 5. HP: 25/47 MP: 4/4
  1733 | D:2      | Found a runed translucent door.
  1734 | D:2      | Noticed Crazy Yiuf
  2685 | D:3      | Reached XP level 6. HP: 29/55 MP: 5/5
  3055 | D:3      | Noticed an ice beast
  3071 | D:3      | Killed an ice beast
  3072 | D:3      | Reached skill level 5 in Fighting
  3072 | D:3      | Reached skill level 1 in Long Blades
  3479 | D:3      | Noticed Jessica
  3480 | D:3      | Killed Jessica
  3492 | D:3      | Found a hazy altar of Hepliaklqana.
  3504 | D:3      | Became a worshipper of Hepliaklqana the Forgotten
  3713 | D:4      | Reached skill level 2 in Long Blades
  3977 | D:4      | Reached XP level 7. HP: 38/61 MP: 6/6
  4120 | D:4      | Reached skill level 3 in Long Blades
  4208 | D:4      | Found Ygoaja's Book Shop.
  4219 | D:4      | Identified the +5 whip "Uwnaud" {freeze, Stlth+}
  4575 | D:4      | Reached * piety under Hepliaklqana
  4907 | D:5      | Entered Level 5 of the Dungeon
  4962 | D:5      | Found a staircase to the Ecumenical Temple.
  4969 | D:5      | Reached skill level 4 in Long Blades
  4969 | D:5      | Reached skill level 5 in Armour
  5057 | D:5      | Reached skill level 5 in Dodging
  5122 | D:5      | Reached XP level 8. HP: 63/63 MP: 7/7
  5135 | D:5      | Reached skill level 5 in Long Blades
  6031 | D:6      | Reached skill level 6 in Long Blades
  6416 | D:6      | Noticed Maggie
  6432 | D:6      | Killed Maggie
  6433 | D:6      | Reached skill level 7 in Long Blades
  6634 | D:6      | Noticed Grinder
  6644 | D:6      | Killed Grinder
  6645 | D:6      | Reached XP level 9. HP: 55/71 MP: 8/8
  6992 | D:6      | Noticed Pikel
  7004 | D:6      | Killed Pikel
  7005 | D:6      | Reached skill level 8 in Long Blades
  7271 | D:6      | Noticed Edmund
  7287 | D:6      | Killed Edmund
  7354 | D:6      | Reached ** piety under Hepliaklqana
  7375 | D:6      | Remembered your ancestor Jyri Possu as a hexer
  7462 | D:6      | Reached skill level 9 in Long Blades
  7759 | D:7      | Found Mevix's Antique Armour Emporium.
  7770 | D:7      | Bought a twisted cloak for 332 gold pieces
  7770 | D:7      | Identified the +0 cloak of the Old World {Contam Rampage
                  | rN+} (You bought it in a shop on level 7 of the Dungeon)
  8208 | D:7      | HP: 3/73 [orc warrior (8)]
  8210 | D:7      | HP: 1/73 [something/puff of flame (2)]
  8212 | D:7      | Killed from afar by an orc wizard

Illustrated notes

Levels and vault maps discovered:
D:1:      wander_arrival_lonely_grave, layout_basic,
          dilly_ecumenical_altar_fadedgnrine
D:2:      layout_basic, uniq_sigmund, uniq_crazy_yiuf_cottage
D:3:      layout_basic, nicolae_hepliaklqana_monster_ancestors,
          amcnicky_mini_corridor_feature, uniq_jessica
D:4:      layout_basic, serial_shops, shop
D:5:      layout_basic, minmay_temple_entry_crystal_x
D:6:      minmay_spotlight, layout_loops_cross, uniq_edmund, uniq_maggie,
          uniq_grinder, uniq_pikel
D:7:      layout_rooms, serial_shops, nicolae_shop_crystal, nicolae_diamond_shop

Skill      XL: |  1  2  3  4  5  6  7  8  9 |
---------------+----------------------------+-----
Armour         | 1 3 4 5 6 8 |  8.0
Fighting       | 3 4 5 6 7 8 |  8.4
Dodging        | 2 3 4 5 6 7 |  7.4
Long Blades    | 2 4 7 9 |  9.6
Short Blades   | |  2.1
Throwing       | |  2.0
Stealth        | |  3.2

Action                   |  1- 3 |  4- 6 |  7- 9 || total
-------------------------+-------+-------+-------++-------
Melee: Dagger            |    41 |    48 |       ||    89
       Headbutt          |     5 |    15 |    47 ||    67
       Hand axe          |       |    36 |    19 ||    55
       Whip              |       |       |   137 ||   137
       Long sword        |       |       |   110 ||   110
 Fire: Hunting sling     |       |       |     7 ||     7
Throw: Dart              |     9 |    20 |     4 ||    33
Invok: Recall Ancestor   |       |       |     2 ||     2
       Ancestor Life: He |       |       |     1 ||     1
       Ancestor Identity |       |       |     1 ||     1
  Use: Potion            |       |       |     4 ||     4
 Stab: Sleeping          |     3 |       |     4 ||     7
       Distracted        |       |       |     2 ||     2
Armor: Robe              |    10 |       |       ||    10
       Scale mail        |     8 |    33 |    41 ||    82
       Chain mail        |       |       |    70 ||    70
Dodge: Dodged            |    26 |    43 |    97 ||   166
Block: Other             |       |     2 |    60 ||    62
       Reflection        |       |       |     2 ||     2
       Rpst.: Long sword |       |       |     7 ||     7

Table legend: (Time is in decaauts)
 A = Elapsed time spent in this place.
 B = Non-inter-level travel time spent in this place.
 C = Inter-level travel time spent in this place.
 D = Time resting spent in this place.
 E = Time spent auto-exploring this place.
 F = Levels seen in this place.
 G = Mean time per level.
                   A        B        C        D        E       F      G
               +--------+--------+--------+--------+--------+-----+--------+
         Total |   8239 |   8116 |    123 |   1872 |   5155 |   7 | 1177.0 |
       Dungeon |   8239 |   8116 |    123 |   1872 |   5155 |   7 | 1177.0 |
               +--------+--------+--------+--------+--------+-----+--------+

Top non-repeatable levels by time:
     D:6: 2344 daAuts
     D:2: 1714 daAuts
     D:4: 1308 daAuts
     D:3: 1107 daAuts
     D:5: 815 daAuts
     D:1: 779 daAuts
     D:7: 168 daAuts
